Map: [ESL] Babylon

Players

Maru - Winner!

  • Race: Terran Terran

RagnaroK (SHIN)

  • Race: Zerg Zerg

Event: IEM Katowice 2023

VOD

Have the link to the VOD?

Description

Time

  • Played on: Feb. 12, 2023, 10:37 a.m.
  • Length: 8:45

All games in this series

Show
View Real Time Build Order
Export as new Build Order

Maru Terran - Winner!

Build Orders: Reaper Expand 

Get SALT Encoding   

  12  0:00  SCV  
  13  0:12  SCV  
  14  0:17  Supply Depot  
  14  0:24  SCV  
  15  0:39  Barracks, SCV  
  16  0:43  Refinery  
  16  0:51  SCV  
  17  1:03  SCV  
  18  1:15  SCV  
  19  1:26  Reaper  
  19  1:27  Orbital Command  
  20  1:39  Command Center  
  20  1:49  Supply Depot  
  20  1:53  SCV  
  21  1:58  Marine  
  22  2:05  SCV  
  23  2:12  Factory  
  23  2:15  Marine  
  23  2:17  SCV  
  25  2:29  SCV  
  26  2:35  Barracks Reactor  
  26  2:40  Command Center  
  26  2:41  SCV  
  27  2:52  Orbital Command  
  27  2:53  SCV  
  28  2:59  Barracks  
  28  3:06  SCV  
  29  3:18  SCV, Hellion x2  
  29  3:19  Barracks Tech Lab, SCV  
  35  3:25  Refinery  
  35  3:30  SCV  
  35  3:31  SCV  
  35  3:32  Supply Depot  
  37  3:38  Marine  
  37  3:39  Stimpack  
  38  3:42  Hellion  
  38  3:43  Hellion  
  38  3:44  SCV  
  38  3:47  SCV  
  44  3:52  Orbital Command  
  44  3:56  Starport  
  44  3:58  Marine  
  44  4:00  SCV  
  44  4:02  SCV  
  47  4:12  Marine x2, Factory Reactor  
  47  4:14  SCV, Supply Depot  
  47  4:16  Marine  
  52  4:17  SCV  
  52  4:19  SCV  
  53  4:26  SCV  
  53  4:29  SCV  
  53  4:30  Marine x2, Refinery  
  57  4:34  Marine  
  57  4:35  Orbital Command  
  57  4:38  SCV  
  59  4:41  Engineering Bay, SCV  
  59  4:42  Engineering Bay  
  60  4:47  Marine x2, Supply Depot  
  60  4:50  SCV  
  60  4:52  Marine  
  64  4:54  Medivac x2  
  64  4:55  Factory Tech Lab, SCV  
  69  5:01  SCV  
  69  5:02  SCV  
  71  5:07  SCV  
  71  5:10  Supply Depot  
  71  5:11  Terran Infantry Armor Level 1, Terran Infantry Weapons Level 1  
  71  5:13  SCV  
  73  5:14  Marine, SCV  
  73  5:15  Marine  
  73  5:16  Marine  
  73  5:19  SCV  
  73  5:20  Refinery  
  73  5:21  Combat Shield  
  78  5:26  Barracks  
  78  5:27  SCV  
  79  5:32  SCV, Starport Reactor  
  79  5:33  SCV, Supply Depot  
  81  5:39  SCV  
  81  5:42  Barracks  
  82  5:44  Barracks  
  82  5:45  Siege Tank  
  82  5:46  Marine  
  82  5:48  SCV  
  82  5:49  SCV  
  88  5:52  SCV  
  86  5:57  Marine x2  
  86  6:00  SCV  
  86  6:01  SCV  
  86  6:04  Marine, SCV  
  91  6:10  Supply Depot  
  92  6:11  Supply Depot  
  92  6:13  SCV x2  
  92  6:15  Marine  
  92  6:16  Medivac x2, SCV  
  100  6:24  Armory  
  100  6:25  SCV  
  101  6:31  Siege Tank, SCV x2  
  101  6:32  Barracks Reactor x2  
  106  6:34  Marine, Supply Depot  
  106  6:37  SCV  
  108  6:42  Marine x3  
  108  6:43  SCV  
  108  6:46  Marine  
  112  6:47  Medivac  
  112  6:48  SCV  
  112  6:49  SCV  
  112  6:50  Refinery  
  112  6:51  Refinery, Supply Depot  
  112  6:52  Marine  
  117  6:55  Medivac  
  117  6:57  Supply Depot  
  119  7:03  Marine  
  119  7:04  Marine, Siege Tank  
  119  7:06  SCV  
  125  7:12  Command Center  
  125  7:15  Marine x4  
  126  7:16  Marine x2  
  126  7:21  Supply Depot  
  131  7:23  Supply Depot  
  131  7:24  Marine  
  131  7:26  SCV x3  
  135  7:30  Marine x2  
  135  7:33  Marine  
  137  7:38  SCV x3  
  137  7:44  Marine  
  139  7:45  Factory  
  139  7:50  SCV x3  
  140  8:01  Marine x7  
  140  8:02  Siege Tank, Medivac, SCV x3  
  140  8:03  Medivac  
  144  8:13  Barracks x2  
  144  8:14  SCV x2  
  144  8:15  Barracks  
  144  8:18  Marine  
  144  8:19  Marine x4, Marauder  
  150  8:30  SCV  
  150  8:32  Factory Reactor  
Show
View Real Time Build Order
Export as new Build Order

RagnaroK Zerg 

Build Orders: Pool First 

Get SALT Encoding   

  12  0:00  Drone  
  13  0:08  Drone  
  14  0:17  Overlord  
  14  0:35  Drone x2  
  14  0:36  Drone  
  14  0:41  Extractor  
  16  0:47  Drone  
  17  0:50  Spawning Pool  
  16  0:57  Drone  
  17  1:08  Drone  
  18  1:20  Hatchery  
  18  1:25  Drone  
  18  1:37  Zergling x2  
  19  1:40  Zergling x2  
  19  1:41  Metabolic Boost  
  20  1:49  Queen  
  22  1:55  Overlord  
  22  2:15  Drone x2  
  24  2:21  Hatchery  
  23  2:24  Drone  
  24  2:32  Drone  
  24  2:37  Queen  
  24  2:41  Drone  
  27  2:45  Drone  
  27  2:50  Drone  
  29  2:53  Drone  
  29  2:57  Queen  
  32  3:00  Drone  
  32  3:03  Drone  
  34  3:06  Drone  
  34  3:11  Drone, Spore Crawler  
  35  3:18  Overlord  
  36  3:32  Queen  
  36  3:33  Drone x4  
  42  3:36  Queen  
  42  3:38  Drone  
  45  3:42  Zergling x2  
  45  3:43  Zergling x2  
  45  3:46  Drone  
  48  3:49  Queen  
  48  3:52  Overlord  
  48  3:55  Overlord  
  50  3:58  Overlord  
  50  4:06  Overlord  
  50  4:11  Drone x5  
  50  4:15  Drone x2  
  57  4:17  Drone x2  
  57  4:22  Zergling x2  
  59  4:25  Queen  
  59  4:27  Drone  
  59  4:29  Drone, Spore Crawler  
  62  4:33  Drone x3  
  62  4:38  Overlord, Drone  
  66  4:40  Drone  
  66  4:44  Overlord, Drone, Spore Crawler  
  67  4:50  Drone x4  
  72  4:52  Drone  
  72  4:53  Drone  
  72  4:58  Drone x2  
  75  5:02  Drone  
  75  5:03  Drone x3  
  75  5:05  Extractor  
  75  5:06  Extractor  
  77  5:07  Lair  
  77  5:09  Drone x2  
  77  5:10  Drone  
  77  5:13  Drone x2  
  81  5:14  Drone  
  81  5:18  Extractor, Zergling x2  
  81  5:19  Zergling x4  
  84  5:27  Baneling Nest  
  84  5:28  Overlord  
  83  5:29  Zergling x4  
  83  5:31  Evolution Chamber x2  
  83  5:35  Hatchery  
  82  5:36  Zergling x8  
  82  5:39  Overlord  
  82  5:41  Zergling x2  
  87  5:46  Overlord  
  87  5:47  Zergling x10  
  92  5:53  Overlord  
  91  5:58  Zergling x8  
  91  6:01  Zergling x2  
  86  6:09  Zergling x8  
  81  6:13  Drone x2  
  81  6:16  Drone, Zerg Melee Weapons Level 1  
  81  6:17  Zerg Ground Armor Level 1  
  81  6:18  Drone x2  
  84  6:21  Drone  
  84  6:22  Drone x3  
  84  6:25  Drone  
  89  6:31  Drone  
  90  6:34  Centrifugal Hooks  
  90  6:35  Drone x2  
  91  6:42  Drone  
  91  6:43  Overlord  
  91  6:45  Drone  
  91  6:46  Drone x2  
  93  6:49  Drone  
  93  6:50  Drone x2  
  93  6:51  Zergling x4  
  93  6:53  Baneling x8  
  98  6:58  Overlord  
  98  6:59  Zergling x2  
  98  7:00  Zergling x4  
  101  7:06  Zergling x6  
  103  7:09  Burrow  
  103  7:12  Zergling x2  
  101  7:15  Zergling x2  
  101  7:20  Drone  
  101  7:21  Baneling x8  
  103  7:23  Zergling x10  
  103  7:29  Zergling x12  
  111  7:31  Hatchery  
  111  7:33  Zergling x4  
  105  7:38  Zergling x2  
  105  7:40  Baneling  
  105  7:41  Baneling x9  
  105  7:43  Zergling x4  
  102  7:47  Zergling x4  
  102  7:50  Zergling x4  
  106  7:51  Zergling x2  
  101  7:58  Zergling x2  
  101  7:59  Zergling x2  
  101  8:02  Zergling x2  
  90  8:06  Baneling x3, Zergling x2  
  90  8:07  Zergling x2  
  90  8:08  Baneling x6  
  94  8:13  Overlord  
  94  8:14  Zergling x2  
  94  8:15  Zergling x4  
  94  8:17  Zergling x14  
  104  8:20  Zergling x2  

Tags
 
Add a new tag
Caveats
  • Supply blocks, unpowered buildings, or Contaminate may cause inaccurate times.
  • Supply counts are checked every 10 seconds.